Unix NetHack Version 5.0.0-0 post-release - last build Jul 19 2026 19:10:59 (3aa4ab31751d3886436d94b585a96704892fd477,branch:main).

Game began 2026-07-30 20:37:51, ended 2026-07-30 20:45:37.

ChoHag, chaotic female human Rogue

                                                      ---
                                    ---            ---..|
                                   .....            ....|
                                                    --`-
                                                     |%|
                                                     |.|
                                                 --- |.|
                                                ....-|)--
                                                .<...|..|
                                                ...h@.G.|
                                                   .....-
                                                    ....

ChoHag the Footpad      St:11 Dx:18 Co:16 In:9 Wi:13 Ch:8  Chaotic S:142
Dlvl:3  $:12 HP:0(12) Pw:2(2) AC:7  Xp:1/5 T:774 

Latest messages:
 It bites the gnomish wizard.
 The gnomish wizard points all around, then curses.
 The gnome turns to flee.
 It misses the gnomish wizard.
 The gnomish wizard points all around, then curses.
 It bites the gnomish wizard.
 The gnomish wizard points all around, then curses.
 It misses the gnomish wizard.
 The air crackles around the gnomish wizard.
 It misses the gnomish wizard.
 It bites the gnomish wizard.
 The gnomish wizard points at you, then curses.
 The gnomish wizard points all around, then curses.
 It misses the gnomish wizard.
 The gnomish wizard points all around, then curses.
 It bites the gnomish wizard.
 It misses the gnomish wizard.
 The gnomish wizard points all around, then curses.
 The gnomish wizard points all around, then curses.
 It misses the gnomish wizard.
 The gnomish wizard points at you, then curses.
 It bites the gnomish wizard.
 It misses the gnomish wizard.
 The gnomish wizard points all around, then curses.
 It bites the gnomish wizard.
 It misses the gnomish wizard.
 The gnomish wizard points all around, then curses.
 It bites the gnomish wizard.
 The gnomish wizard is killed!
 You see here a gnomish wizard corpse.
 What do you want to read? [*] y
 You don't have that object.
 What do you want to read? [*] e
 That is a silly thing to read.
 There is a gnomish wizard corpse here; eat it? [ynq] (n) y
 This gnomish wizard corpse is tough.
 You stop eating the gnomish wizard corpse.
 You hear crashing rock.
 Are you waiting to get hit?  Use 'm' prefix to force a no-op (to rest).
 You swap places with Joe.
 Joe bites the gnome.
 The gnome misses Joe.
 The gnome throws a dagger!
 The dagger hits the gnome.
 Joe misses the gnome.
 Joe misses the gnome.
 It misses the gnome.
 The dwarf swings his broad pick.
 The dwarf hits!
 You die...

Inventory:
 Coins    ('$')
  $ - 12 gold pieces
 Amulets  ('"')
  e - an uncursed amulet of unchanging (being worn)
 Weapons  (')')
  a - a +0 short sword (weapon in right hand)
  b - 6 +0 daggers (alternate weapons; not wielded)
  i - 7 cursed -1 crossbow bolts
  n - a +0 orcish dagger
 Armor    ('[')
  c - an uncursed +1 leather armor (being worn)
 Comestibles  ('%')
  h - 2 uncursed lichen corpses
  j - an uncursed fortune cookie
  o - an uncursed lembas wafer
 Potions  ('!')
  d - an uncursed potion of sickness
  m - an uncursed potion of speed
 Tools    ('(')
  f - an empty uncursed sack
  g - a cursed tin whistle
  k - an uncursed lock pick

ChoHag the Rogue's attributes:

Background:
 You were a Footpad, a level 1 female human Rogue.
 You were chaotic, on a mission for Kos
 who was opposed by Issek (lawful) and Mog (neutral).
 You were right-handed.
 You were in the Gnomish Mines, on level 3.
 You entered the dungeon 774 turns ago.
 There was a full moon in effect when your adventure ended.
 You had 5 experience points, 15 more were needed to attain level 2.
 Your score was 142 before end-of-game adjustments.

Basics:
 You had 0 out of 12 hit points.
 You had both energy points (spell power).
 Your armor class was 7.
 Your wallet contained 12 zorkmids.
 Autopickup was on for '$!/?"+=' plus thrown.

Final Characteristics:
 Your strength was 11 (limit:18/100).
 Your dexterity was 18 (limit:18).
 Your constitution was 16 (limit:18).
 Your intelligence was 9 (limit:18).
 Your wisdom was 13 (limit:18).
 Your charisma was 8 (limit:18).

Final Status:
 You weren't hungry.
 You were unencumbered.
 You were wielding a short sword.
 You had basic skill with short sword.

Final Attributes:
 You were fervently aligned.
 You were stealthy.
 You were warded.
 You couldn't change from your current form.
 You were lucky.
 You are dead.

Miscellaneous:
 You didn't encounter any bones levels.
 Total elapsed playing time was 7 minutes and 45 seconds.

Major events:
 Turn
    1: ChoHag the chaotic female human Rogue entered the dungeon
  707: entered the Gnomish Mines
  774: killed by a dwarf

You didn't know any spells.

Skills:
 Fighting Skills
   bare handed combat [Unskilled]
   two weapon combat  [Unskilled]
   riding             [Unskilled]
 Weapon Skills
   dagger             [Basic]
   knife              [Unskilled]
   short sword        [Basic]
   broadsword         [Unskilled]
   long sword         [Unskilled]
   two-handed sword   [Unskilled]
   saber              [Unskilled]
   club               [Unskilled]
   mace               [Unskilled]
   morning star       [Unskilled]
   flail              [Unskilled]
   hammer             [Unskilled]
   polearms           [Unskilled]
   spear              [Unskilled]
   crossbow           [Unskilled]
   dart               [Unskilled]
   shuriken           [Unskilled]
 Spellcasting Skills
   divination spells  [Unskilled]
   escape spells      [Unskilled]
   matter spells      [Unskilled]

Voluntary challenges:
 Character rerolling was not enabled.
 You never genocided any monsters.
 You never polymorphed an object.
 You never changed form.
 You used no wishes.
Achievement:
 You entered the Gnomish Mines.

 The Dungeons of Doom: levels 1 to 3
    Level 1:
       An altar, a fountain.
    Level 2:
       A fountain, a sink.
       Stairs down to The Gnomish Mines.
    Level 3:
 The Gnomish Mines:
    Level 3: <- You were here.
       Final resting place for
          you, killed by a dwarf.


Vanquished creatures:
  a gnome leader
  2 gnomish wizards
  2 jackals
  2 goblins
  3 sewer rats
  4 lichens
  a kobold zombie
  3 newts
18 creatures vanquished.

No species were genocided or became extinct.

Game over:
                       ----------
                      /          \
                     /    REST    \
                    /      IN      \
                   /     PEACE      \
                  /                  \
                  |      ChoHag      |
                  |      12 Au       |
                  |   killed by a    |
                  |      dwarf       |
                  |                  |
                  |                  |
                  |       2026       |
                 *|     *  *  *      | *
        _________)/\\_//(\/(/\)/\//\/|_)_______

Goodbye ChoHag the Rogue...

You died in The Gnomish Mines on dungeon level 3 with 141 points,
and 12 pieces of gold, after 774 moves.
You were level 1 with a maximum of 12 hit points when you died.

